 Dungeon Crawl Stone Soup version 0.29.1-15-g9cfb28693d (webtiles) character file.

Game seed: 5541358023591706015

1 Thatpatchoflichen the Trooper (level 1, 0/19 HPs)
             Began as a Ghoul Monk on Feb 23, 2023.
             Slain by a quokka (3 damage)
             ... on level 1 of the Dungeon.
             The game lasted 00:00:27 (30 turns).

Thatpatchoflichen the Trooper (Ghoul Monk)            Turns: 30, Time: 00:00:27

Health: 0/19       AC:  2    Str: 14    XL:     1   Next: 20%
Magic:  0/0        EV: 12    Int:  5    God:
Gold:   0          SH:  0    Dex: 11    Spells: 0/0 levels left

rFire   . . .      SeeInvis .   a - +0 falchion
rCold   + . .      Faith    .   (no shield)
rNeg    + + +      Spirit   .   b - +0 robe
rPois   ∞          Reflect  .   (no helmet)
rElec   .          Harm     .   (no cloak)
rCorr   .          Rampage  .   (no gloves)
Will    .....                   (no boots)
Stlth   ++........              (no amulet)
HPRegen 0.00/turn               (no ring)
MPRegen 0.07/turn               (no ring)

@: inhibited regen
A: claws 1, cold resistance 1, negative energy resistance 3, inhibited
regeneration, torment resistance 2, devour on kill
a: no special abilities


You were on level 1 of the Dungeon.
You visited 1 branch of the dungeon, and saw 1 of its levels.

Inventory:

Hand Weapons
 a - a +0 falchion (weapon)
Armour
 b - a +0 robe (worn)
Potions
 c - a potion of ambrosia


   Skills:
 + Level 3.3 Fighting
 * Level 2.7 Long Blades
 + Level 2.7 Dodging
 - Level 2.1 Stealth


You couldn't memorise any spells.
You didn't know any spells.
Your spell library was empty.

Dungeon Overview and Level Annotations

Branches:
Dungeon (1/15)

Altars:


Innate Abilities, Weirdness & Mutations

You are immune to poison.
You have sharp fingernails.
Your flesh is cold resistant. (rC+)
You are immune to negative energy. (rN+++)
You do not regenerate when monsters are visible.
You are immune to unholy pain and torment.
You thrive by killing the living.


Message History

The ball python hisses angrily.
A goblin comes into view. It is wielding a +1 vampiric dagger.
Found a scroll labelled FURROB ROUNE.
The goblin shouts!
You completely miss the ball python. The ball python closely misses you.
The ball python barely misses you.
You closely miss the ball python. The ball python closely misses you. x2
A quokka comes into view.
The ball python closely misses you. The ball python misses you.
You closely miss the ball python. The ball python bites you.
The ball python barely misses you.
You closely miss the ball python. The ball python closely misses you.
The ball python grabs you. The ball python constricts you.
The goblin barely misses you. The ball python barely misses you.
The ball python constricts you.
You barely miss the ball python. Your claw misses the ball python.
The goblin closely misses you.
A frilled lizard comes into view.
The ball python barely misses you. The ball python constricts you.
You closely miss the ball python.
The goblin hits you with a +1 vampiric dagger.
The ball python bites you. The ball python constricts you.
The goblin barely misses you. The ball python barely misses you.
The ball python constricts you.
The frilled lizard hisses angrily.
You hit the ball python.
You kill the ball python!
You feel better. The goblin closely misses you.
You closely miss the quokka. The quokka bites you.
The goblin hits you with a +1 vampiric dagger.
The quokka bites you.
* * * LOW HITPOINT WARNING * * *
The quokka attacks as you move away! The quokka bites you.
* * * LOW HITPOINT WARNING * * *
The quokka attacks as you move away! The quokka bites you.
* * * LOW HITPOINT WARNING * * *
You slash the goblin!
You kill the goblin!
You feel better. The quokka bites you.
You die...

#...8...~~..~~≈≈
##.......<~.~.~≈≈#
#.......8..~~~~~≈#
#...........~.~~≈#
##...........~.~~≈# #
#.............~.~≈#
..###......8......~~≈≈#
...................~~≈#
#....8.@........~.~≈#
#.....)r....###.~~~≈#
#........#### #######
#....†.### ###l...#
........ ?........#
...........
...#####+##.


You could see a quokka and a frilled lizard.

Vanquished Creatures
  A ball python (D:1)
  A goblin (D:1)
2 creatures vanquished.

Notes
Turn   | Place    | Note
-------+----------+-------------------------------------------
     0 | D:1      | Thatpatchoflichen the Ghoul Monk began the quest for the
                  | Orb.
     0 | D:1      | Reached XP level 1. HP: 19/19 MP: 0/0
    30 | D:1      | Slain by a quokka

Illustrated notes

Levels and vault maps discovered:
D:1:      nicolae_arrival_washed_ashore, layout_basic,
          hangedman_abyss_or_decor_lesser_grid, st_stairs_11

Action                   || total
-------------------------++-------
Melee: Falchion          ||     9
Dodge: Dodged            ||    15
